 Dungeon Crawl Stone Soup version 0.22.1-2-g9c5b331 (webtiles) character file.

6381 shamaniam the Grappler (level 10, -2/104 HPs)
             Began as a Troll Fighter on Nov 25, 2018.
             Was a Follower of Ru.
             Slain by a guardian serpent (13 damage)
             ... on level 9 of the Dungeon.
             The game lasted 00:28:02 (6883 turns).

shamaniam the Grappler (Troll Fighter)              Turns: 6883, Time: 00:28:02

Health: -2/104     AC: 16    Str: 26    XL:     10   Next: 65%
Magic:  9/9        EV: 11    Int:  4    God:    Ru [*.....]
Gold:   303        SH: 11    Dex: 12    Spells: 9/9 levels left

rFire    . . .     SeeInvis .     - Unarmed
rCold    . . .     Gourm    +   q - +1 shield
rNeg     . . .     Faith    .   a - +0 robe
rPois    .         Spirit   .   (helmet restricted)
rElec    .         Reflect  .   s - +2 cloak
rCorr    .         Harm     .   (gloves unavailable)
MR       .....                  (boots unavailable)
Stlth    +.........             (no amulet)
HPRegen  0.67/turn              o - +4 ring of protection
MPRegen  0.11/turn              B - +4 ring of protection

@: lethally poisoned (-2 -> -18), slowed, very slow
A: large, unfitting armour, claws 3, fast metabolism 3, gourmand, regeneration
1, shaggy fur 1, tough skin 2, hated by all
a: Renounce Religion


You were on level 9 of the Dungeon.
You worshipped Ru.
Ru was aware of your devotion.
You were completely stuffed.

You visited 2 branches of the dungeon, and saw 10 of its levels.

You collected 495 gold pieces.
You spent 192 gold pieces at shops.

Inventory:

Hand Weapons
 b - a +0 blowgun
Missiles
 k - a large rock
 m - 2 tomahawks of returning (quivered)
 r - 16 poisoned needles
Armour
 a - a +0 robe (worn)
 q - a +1 shield (worn)
 s - a +2 cloak (worn)
Jewellery
 e - an uncursed ring of magical power {unknown}
 n - an uncursed ring of protection from fire
 o - a +4 ring of protection (left claw)
 p - an uncursed ring of poison resistance
 B - a +4 ring of protection (right claw)
 H - an uncursed ring of wizardry {unknown}
Wands
 D - a wand of random effects (22)
 E - a wand of disintegration (27)
 G - a wand of iceblast (6)
Scrolls
 h - 4 scrolls of remove curse
 i - 2 scrolls of fog
 w - 2 scrolls of enchant armour
 y - 3 scrolls of teleportation
 z - a scroll of fear
 C - a scroll of random uselessness {unknown}
 F - 2 scrolls of noise {unknown}
Potions
 c - a potion of might
 f - 2 potions of agility
 g - 3 potions of haste
 j - a potion of brilliance {unknown}
 l - 8 potions of curing
 t - 2 potions of lignification {unknown}
 u - 2 potions of heal wounds
 v - 2 potions of flight
 x - a potion of mutation {unknown}
 A - a potion of invisibility {unknown}
Comestibles
 d - 27 rations
 I - 3 chunks of flesh


   Skills:
 + Level 7.8 Fighting
 + Level 5.2 Dodging
 + Level 5.2 Shields
 * Level 11.3 Unarmed Combat


You had 9 spell levels left.
You didn't know any spells.
Your spell library contained the following spells:

 Spells                   Type           Power        Failure   Level  Hunger
 Corona                   Hex            #......      78%         1    ##.....
 Flame Tongue             Conj/Fire      #....        78%         1    ##.....
 Ensorcelled Hibernation  Hex/Ice        #.....       89%         2    ###....
 Throw Flame              Conj/Fire      #.....       89%         2    ###....
 Confuse                  Hex            #.......     98%         3    ####...
 Conjure Flame            Conj/Fire      #.......     98%         3    ####...
 Dazzling Spray           Conj/Hex       #.....       98%         3    ####...
 Inner Flame              Hex/Fire       #.......     98%         3    ####...
 Tukima's Dance           Hex            #.......     98%         3    ####...
 Sticky Flame             Conj/Fire      #.......     100%        4    #####..
 Fireball                 Conj/Fire      #.........   100%        5    ######.


Dungeon Overview and Level Annotations

Branches:
Dungeon (9/15)             Temple (1/1) D:6
   Lair: D:8-11         Orc: D:9-12

Altars:
Ashenzari
Cheibriados
Dithmenos
Elyvilon
Fedhas
Gozag
Hepliaklqana
Kikubaaqudgha
Makhleb
Nemelex Xobeh
Okawaru
Qazlal
Ru
Sif Muna
Trog
Uskayaw
Vehumet
Wu Jian
Xom
Yredelemnul
Zin
The Shining One

Shops:
D:4 ?   D:7 *

Annotations:
D:6 1 runed door, MetaCosm's ghost, novice TrBe


Innate Abilities, Weirdness & Mutations

You are too large for most types of armour.
You have claws for hands.
Your metabolism is lightning-fast.
You like to eat raw meat.
Your natural rate of healing is unusually fast.
You are covered in fur. (AC +1)
You have very tough skin. (AC +2)
You are hated by all.


Message History

The leopard gecko bites you but does no damage.
The guardian serpent coils itself and waves its upper body at you.
The bolt of poison hits you!
You are more poisoned.
* * * LOW HITPOINT WARNING * * *
The orc priest begins to pray, but is stunned by your will!
You barely miss the guardian serpent.
The guardian serpent is almost dead.
* * * LOW HITPOINT WARNING * * *
You feel very sick.
The guardian serpent hits you but does no damage.
The leopard gecko bites you but does no damage.
The orc priest hits you but does no damage.
The guardian serpent completely misses you.
You scratch the guardian serpent but do no damage.
The guardian serpent is almost dead.
* * * LOW HITPOINT WARNING * * *
You feel very sick. The leopard gecko closely misses you.
The guardian serpent hits you!
You die...

#...###
##..............#
#..#
##....#..........# ##
#.)
.#..)..#..........#
.###..
..)....#..........#
..##..
#......#..........#
#.#
..#....#..........#
..#
%##...............#
.##
.........##########
## #.....)@.#
######oSl..#
#####.....# #
###..##.....#
#########...###.....#
..........### #.#####
########### #. #..#
.. ..<#


You could see a guardian serpent, an orc priest and a leopard gecko.

Vanquished Creatures
  A two-headed ogre (D:8)
  A guardian serpent (D:9)
  A queen bee (D:8)
  A hippogriff (D:8)
  4 yaks (D:9)
  Eustachio (D:5)
  4 fire bats (D:8)
  Menkaure (D:5)
  A water moccasin (D:8)
  A hell hound (D:8)
  An ice beast (D:5)
  2 sky beasts
  An orc warrior (D:5)
  A necrophage (D:6)
  7 ogres
  A centaur (D:9)
  A bullfrog (D:6)
  14 killer bees (D:8)
  5 wights (D:7)
  2 crimson imps (D:6)
  2 lava snakes (D:8)
  4 hounds
  4 orc priests
  2 bullfrog skeletons
  A centaur skeleton (D:5)
  4 jellies
  6 worker ants
  4 iguanas
  7 orc wizards
  A killer bee zombie (D:8)
  A hound zombie (D:6)
  4 worker ant zombies
  8 adders
  15 gnolls
  A howler monkey skeleton (D:8)
  4 shadow imps
  An adder zombie (D:7)
  4 worms
  3 dart slugs
  4 leopard geckos
  37 orcs
  A ball python (D:1)
  6 giant cockroaches
  4 goblins
  2 hobgoblins
  6 jackals
  3 quokkas
  4 bats
  7 frilled lizards
  A jackal zombie (D:7)
  6 kobolds
  6 rats
  A fire vortex (D:8)
215 creatures vanquished.

Vanquished Creatures (others)
  An orc (D:9)
  2 fire vortices (D:8)
3 creatures vanquished.

Grand Total: 218 creatures vanquished

Notes
Turn   | Place    | Note
-------+----------+-------------------------------------------
     0 | D:1      | shamaniam the Troll Fighter began the quest for the Orb.
     0 | D:1      | Reached XP level 1. HP: 22/22 MP: 0/0
   190 | D:1      | Reached XP level 2. HP: 24/29 MP: 1/1
   699 | D:2      | Reached skill level 3 in Unarmed Combat
   719 | D:2      | Reached XP level 3. HP: 27/36 MP: 2/2
  1265 | D:2      | Reached XP level 4. HP: 43/45 MP: 3/3
  1466 | D:3      | Reached skill level 4 in Unarmed Combat
  1647 | D:3      | Reached XP level 5. HP: 53/53 MP: 4/4
  1972 | D:4      | Reached skill level 5 in Unarmed Combat
  2156 | D:4      | Reached XP level 6. HP: 62/62 MP: 5/5
  2448 | D:4      | Reached skill level 6 in Unarmed Combat
  2519 | D:4      | Found Liulet's Magic Scroll Emporium.
  2525 | D:4      | Bought a scroll of enchant armour for 90 gold pieces
  2525 | D:4      | Bought a scroll of identify for 24 gold pieces
  2525 | D:4      | Bought a scroll of teleportation for 36 gold pieces
  2525 | D:4      | Bought a scroll of fear for 42 gold pieces
  2546 | D:5      | Entered Level 5 of the Dungeon
  2585 | D:5      | Noticed Menkaure
  2596 | D:5      | Killed Menkaure
  2596 | D:5      | Reached XP level 7. HP: 22/71 MP: 6/6
  2712 | D:5      | Reached skill level 7 in Unarmed Combat
  3064 | D:5      | Reached skill level 5 in Fighting
  3125 | D:5      | Reached skill level 8 in Unarmed Combat
  3125 | D:5      | Reached XP level 8. HP: 42/80 MP: 7/7
  3239 | D:5      | Noticed Eustachio
  3277 | D:5      | Killed Eustachio
  3684 | D:6      | Found a runed door.
  3684 | D:6      | Noticed MetaCosm's ghost (novice TrBe)
  3732 | D:6      | Reached skill level 9 in Unarmed Combat
  4016 | D:6      | Reached XP level 9. HP: 82/89 MP: 8/8
  4187 | D:6      | Got an iridescent mace
  4188 | D:6      | Identified the +8 mace of Slow Death {protect, +Blink rN+
                  | Int+3} (You found it on level 6 of the Dungeon)
  4221 | D:6      | Reached skill level 10 in Unarmed Combat
  4319 | D:6      | Found a staircase to the Ecumenical Temple.
  4417 | Temple   | Entered the Ecumenical Temple
  4524 | Temple   | Became a worshipper of Ru the Awakened
  4650 | D:7      | Found Giulikhleq's General Store.
  5059 | D:7      | Found a radiant altar of Vehumet.
  5304 | D:8      | Noticed a queen bee
  5325 | D:8      | Killed a queen bee
  5615 | D:8      | Noticed a two-headed ogre
  5627 | D:8      | Killed a two-headed ogre
  5627 | D:8      | Reached XP level 10. HP: 56/102 MP: 9/9
  5751 | D:8      | Gained mutation: You are hated by all. [Ru sacrifice]
  5751 | D:8      | Reached * piety under Ru
  6244 | D:8      | Reached skill level 11 in Unarmed Combat
  6321 | D:9      | Noticed a guardian serpent
  6328 | D:9      | Killed a guardian serpent
  6546 | D:9      | Reached skill level 5 in Dodging
  6546 | D:9      | Reached skill level 5 in Shields
  6871 | D:9      | Noticed a guardian serpent
  6883 | D:9      | Slain by a guardian serpent

Skill      XL: |  1  2  3  4  5  6  7  8  9 10 |
---------------+-------------------------------+-----
Unarmed Combat | 3 4 5 6 8 9 10 11 | 11.3
Fighting       | 3 4 5 6 7 |  7.8
Dodging        | 4 5 |  5.2
Shields        | 4 5 |  5.2

Action                   |  1- 3 |  4- 6 |  7- 9 | 10-12 || total
-------------------------+-------+-------+-------+-------++-------
Melee: Unarmed           |   105 |   134 |   334 |   126 ||   699
       Mace              |       |       |    32 |       ||    32
Throw: Tomahawk          |       |       |     3 |       ||     3
       Large rock        |       |       |     1 |       ||     1
Invok: Sacrifice Love    |       |       |       |     1 ||     1
  Use: Scroll            |       |    11 |     2 |     1 ||    14
 Stab: Sleeping          |       |       |       |     1 ||     1
  Eat: Chunk             |    13 |    17 |    22 |    17 ||    69
Armor: Robe              |    27 |    48 |   165 |    41 ||   281
Dodge: Dodged            |    25 |    40 |   123 |    43 ||   231
Block: Shield            |    49 |    60 |   209 |    63 ||   381
